 Dungeon Crawl Stone Soup version 0.31-a0-981-geadf994542 (webtiles) character file.

Game seed: 10362143268803326939

868 fernweh the Slasher (level 8, -12/67 HPs)
             Began as a Gnoll Chaos Knight on Nov 2, 2023.
             Was a Plaything of Xom.
             Mangled by a chaos spawn (14 damage)
             ... summoned by Xom
             ... in an ossuary.
             The game lasted 00:17:53 (4887 turns).

fernweh the Slasher (Gnoll Chaos Knight)            Turns: 4887, Time: 00:17:54

Health: -12/67     AC: 10    Str: 19    XL:     8   Next: 3%
Magic:  5/12       EV: 13    Int: 12    God:    Xom [......]
Gold:   364        SH:  0    Dex: 12    Spells: 12/12 levels left

rFire   + . .        a - +0 falchion (vamp)
rCold   + . .        (no shield)
rNeg    + . .        b - +2 leather armour
rPois   +            p - +2 hat
rElec   +            A - +1 cloak
rCorr   +            (no gloves)
SInv    .            (no boots)
Will    .....        (no amulet)
Stlth   ++           v - ring of positive energy
HPRegen 0.31/turn    r - +6 ring of strength
MPRegen 0.13/turn

%: clarity
@: brilliant, about to teleport, resistant, hasted, very quick
A: fangs 1, strong nose, distributed training, clarity, subdued magic 1, noise
suppression
a: Renounce Religion


You were in an ossuary.
You worshipped Xom.
You were a very special plaything of Xom.
You visited 1 branch of the dungeon, and saw 5 of its levels.
You also visited: Ossuary.

You collected 364 gold pieces.

Inventory:

Hand Weapons
 a - a +0 vampiric falchion (weapon)
Missiles
 q - 4 poisoned darts
 s - 6 boomerangs
Armour
 b - a +2 leather armour (worn)
 p - a +2 hat (worn)
 t - a +0 leather armour of cold resistance
 A - a +1 cloak (worn)
 B - a +2 scale mail of fire resistance
Jewellery
 o - a ring of magical power
 r - a +6 ring of strength (right hand)
 v - a ring of positive energy (left hand)
 y - a ring of magical power
Scrolls
 c - a scroll of butterflies
 d - a scroll of fog
 f - 6 scrolls of teleportation
 g - a scroll of amnesia
 h - 3 scrolls of poison
 m - a scroll of torment
 u - 6 scrolls of identify
Potions
 e - 3 potions of curing
 i - a potion of lignification {unknown}
 k - a potion of mutation
 x - 2 potions of attraction


   Skills:
 + Level 7.2 Fighting
 + Level 2.9 Short Blades
 + Level 7.2 Long Blades
 + Level 2.9 Axes
 + Level 2.9 Maces & Flails
 + Level 2.9 Polearms
 + Level 2.9 Staves
 + Level 2.9 Ranged Weapons
 + Level 2.9 Throwing
 + Level 5.5 Armour
 + Level 4.0 Dodging
 + Level 2.9 Stealth
 + Level 2.9 Shields
 + Level 2.9 Unarmed Combat
 + Level 2.9 Spellcasting
 + Level 2.3 Conjurations
 + Level 2.3 Hexes
 + Level 2.3 Summonings
 + Level 2.3 Necromancy
 + Level 2.3 Translocations
 + Level 2.3 Transmutations
 + Level 2.3 Fire Magic
 + Level 2.3 Ice Magic
 + Level 2.3 Air Magic
 + Level 2.3 Earth Magic
 + Level 2.3 Poison Magic
 + Level 3.2 Invocations
 + Level 2.9 Evocations
 + Level 2.6 Shapeshifting


You had 12 spell levels left.
You didn't know any spells.
Your spell library contained the following spells:

 Spells                   Type           Power      Damage    Failure   Level
 Kiss of Death            Conj/Necr      32%        2d7       9%          1
 Magic Dart               Conj           32%        1d4       9%          1
 Shock                    Conj/Air       32%        1d5       9%          1
 Searing Ray              Conj           16%        2d5       13%         2
 Confusing Touch          Hex            8%         N/A       28%         3
 Swiftness                Air            8%         N/A       28%         3
 Airstrike                Air            4%         2d(1-17)  67%         4
 Dispel Undead            Necr           8%         3d8       67%         4
 Fulminant Prism          Conj/Hex       4%         3d5       67%         4


Dungeon Overview and Level Annotations

Branches:
Dungeon (5/15)            Ossuary (1/1)
 Temple: D:4-7

Altars:
Ru
Xom
Zin

Shops:
D:3 (


Innate Abilities, Weirdness & Mutations

You have very sharp teeth.
Your uncanny sense of smell can sniff out nearby items.
Your experience applies equally to all skills.
You possess an exceptional clarity of mind.
Your spells are a little easier to cast, but a little less powerful.
You passively dampen the noise of your surroundings.


Message History

You are engulfed in flames.
You resist.
* * * LOW HITPOINT WARNING * * *
Unknown command.
As you read the scroll labelled NENAGOO COECK, it crumbles to dust.
It is a scroll of identify.
x - 2 potions of attraction The shadow imp hits you.
* * * LOW HITPOINT WARNING * * *
The shadow imp summons a swarm of flies.
The chaos spawn hits you.
* * * LOW HITPOINT WARNING * * *
The chaos spawn freezes you. You resist.
* * * LOW HITPOINT WARNING * * *
You feel better. The shadow imp puffs mist at you.
The shadow imp closely misses you. The chaos spawn completely misses you.
It was a potion of mutation.
You feel extremely strange.
Your connection to magic feels subdued.
Your thoughts seem clearer.
You feel your surroundings grow quieter.
The chaos spawn gores you.
* * * LOW HITPOINT WARNING * * *
You feel your power leaking away. The shadow imp misses you.
It was a potion of brilliance.
You feel clever all of a sudden.
The shadow imp hits you but does no damage.
The shadow imp laughs crazily.
The chaos spawn barely misses you.
Unknown command.
As you read the scroll of teleportation, it crumbles to dust.
You feel strangely unstable. The shadow imp barely misses you.
The chaos spawn gores you.
* * * LOW HITPOINT WARNING * * *
The chaos spawn freezes you. You resist.
* * * LOW HITPOINT WARNING * * *
Unknown command.
It was a potion of haste.
You feel yourself speed up. The shadow imp closely misses you.
The chaos spawn gores you!
You die...
Xom bursts into laughter!

#.......# ##.....##
###.### #'# ##### ###.###
*#### #...## ##.....##
*#...## .....# #.∩.....#
*.....#
.....###......5###Z....##
......'..∩∩∩..44@55.....#
.....###......Z###Z....##
.....# #.∩.....# *.....#
#...## ##.....## #...##
##### ###.### *#### #+#
**,** * , ,** , ,,,,


You could see 2 chaos spawn, a quasit (summoned), 2 shadow imps, 2 elf zombies
and a human zombie (fast).

Vanquished Creatures
  Edmund (D:4)
  2 elf zombies (Ossuary)
  Dowan (D:4)
  3 centaur zombies (Ossuary)
  An orc priest (D:3)
  Jessica (D:3)
  2 orc wizards
  2 mummies (Ossuary)
  3 adders
  3 worms
  4 dart slugs
  14 orcs
  7 endoplasms
  6 giant cockroaches
  10 goblins
  2 hobgoblins
  A quokka (D:3)
  8 ball pythons
  5 bats
  6 frilled lizards
  5 kobolds
  5 rats
92 creatures vanquished.

Vanquished Creatures (collateral kills)
  Duvessa (D:4)
  A black bear (D:4)
  A worm (D:4)
3 creatures vanquished.

Vanquished Creatures (others)
  2 orcs (D:4)
2 creatures vanquished.

Grand Total: 97 creatures vanquished

Notes
Turn   | Place    | Note
-------+----------+-------------------------------------------
     0 | D:1      | fernweh the Gnoll Chaos Knight began the quest for the Orb.
     0 | D:1      | Reached XP level 1. HP: 23/23 MP: 1/1
     6 | D:1      | XOM: silly message
    70 | D:1      | XOM: divination: magic mapping
   193 | D:1      | XOM: divination: magic mapping
   201 | D:1      | Reached XP level 2. HP: 27/29 MP: 2/2
   201 | D:1      | XOM: potion effect (heal wounds)
   281 | D:1      | XOM: silly message
   374 | D:1      | XOM: silly message
   403 | D:1      | XOM: scenery: summon butterflies
   555 | D:1      | XOM: noise
   574 | D:1      | Reached XP level 3. HP: 31/35 MP: 3/3
   736 | D:2      | XOM: silly message
   836 | D:2      | Reached skill level 1 in Invocations
  1042 | D:2      | Reached skill level 1 in Short Blades
  1042 | D:2      | Reached skill level 1 in Axes
  1042 | D:2      | Reached skill level 1 in Maces & Flails
  1042 | D:2      | Reached skill level 1 in Polearms
  1042 | D:2      | Reached skill level 1 in Staves
  1042 | D:2      | Reached skill level 1 in Ranged Weapons
  1042 | D:2      | Reached skill level 1 in Throwing
  1042 | D:2      | Reached skill level 1 in Stealth
  1042 | D:2      | Reached skill level 1 in Shields
  1042 | D:2      | Reached skill level 1 in Unarmed Combat
  1042 | D:2      | Reached skill level 1 in Spellcasting
  1042 | D:2      | Reached skill level 1 in Evocations
  1043 | D:2      | Found a sacrificial altar of Ru.
  1234 | D:2      | XOM: butterfly on damage
  1549 | D:2      | Reached XP level 4. HP: 41/41 MP: 5/5
  1638 | D:3      | Identified the "Velosuxt"
  1642 | D:3      | Reached skill level 1 in Shapeshifting
  1753 | D:3      | Reached skill level 1 in Conjurations
  1753 | D:3      | Reached skill level 1 in Hexes
  1753 | D:3      | Reached skill level 1 in Summonings
  1753 | D:3      | Reached skill level 1 in Necromancy
  1753 | D:3      | Reached skill level 1 in Translocations
  1753 | D:3      | Reached skill level 1 in Transmutations
  1753 | D:3      | Reached skill level 1 in Fire Magic
  1753 | D:3      | Reached skill level 1 in Ice Magic
  1753 | D:3      | Reached skill level 1 in Air Magic
  1753 | D:3      | Reached skill level 1 in Earth Magic
  1753 | D:3      | Reached skill level 1 in Poison Magic
  1761 | D:3      | Found a faded altar of an unknown god.
  1927 | D:3      | Noticed Jessica
  1929 | D:3      | Found a glowing silver altar of Zin.
  1931 | D:3      | Killed Jessica
  1932 | D:3      | Reached XP level 5. HP: 47/47 MP: 5/7
  2068 | D:3      | Found a shimmering altar of Xom.
  2514 | D:3      | Found Zasotso's Weapon Shop.
  2802 | D:4      | an adder changed into a shapeshifter
  2802 | D:4      | Noticed a shapeshifter (shapeshifter)
  2802 | D:4      | a shapeshifter changed into a hog
  2802 | D:4      | Noticed a hog (shapeshifter)
  2806 | D:4      | a hog changed into an acid dragon
  2806 | D:4      | Noticed an acid dragon (shapeshifter)
  2812 | D:4      | XOM: cast spell 'Summon Small Mammal'
  3143 | D:4      | XOM: cloud trail
  3260 | D:4      | Noticed Edmund
  3262 | D:4      | XOM: summons 3 friendly demons
  3294 | D:4      | Killed Edmund
  3295 | D:4      | Reached skill level 5 in Armour
  3295 | D:4      | Reached XP level 6. HP: 10/53 MP: 7/9
  3453 | D:4      | XOM: cloud trail
  3487 | D:4      | XOM: god gift: 38 gold pieces
  3505 | D:4      | XOM: destruction
  3578 | D:4      | Noticed Dowan
  3579 | D:4      | Noticed Duvessa
  3579 | D:4      | XOM: cast spell 'Olgreb's Toxic Radiance'
  3583 | D:4      | Killed Dowan
  3584 | D:4      | Killed Duvessa
  3585 | D:4      | Reached XP level 7. HP: 45/60 MP: 10/10
  3837 | D:4      | XOM: scenery: summon butterflies
  4111 | D:5      | Entered Level 5 of the Dungeon
  4211 | D:5      | Found a sand-covered staircase.
  4311 | D:5      | an orc priest changed into a glowing shapeshifter
  4311 | D:5      | Noticed a glowing shapeshifter (glowing shapeshifter)
  4311 | D:5      | a glowing shapeshifter changed into an eye of devastation
  4311 | D:5      | Noticed an eye of devastation (glowing shapeshifter)
  4316 | D:5      | XOM: scenery: create altars
  4324 | D:5      | an eye of devastation changed into a lindwurm
  4324 | D:5      | Noticed a lindwurm (glowing shapeshifter)
  4326 | D:5      | a lindwurm changed into an orb spider
  4326 | D:5      | Noticed an orb spider (glowing shapeshifter)
  4339 | D:5      | Noticed a sea snake
  4341 | D:5      | a sea snake changed into a swamp worm
  4341 | D:5      | Noticed a swamp worm (glowing shapeshifter)
  4392 | Ossuary  | Entered an ossuary
  4427 | Ossuary  | XOM: scenery: summon butterflies
  4433 | Ossuary  | XOM: cast spell 'Discord'
  4439 | Ossuary  | XOM: divination: magic mapping
  4564 | Ossuary  | XOM: summons 1 hostile demon
  4848 | Ossuary  | Reached XP level 8. HP: 67/67 MP: 12/12
  4863 | Ossuary  | XOM: blink monster(s)
  4867 | Ossuary  | XOM: summons 5 hostile demons
  4868 | Ossuary  | XOM: repel stairs
  4881 | Ossuary  | Identified a scroll of acquirement
  4881 | Ossuary  | Acquired the ring "Ymuv" {*Slow rF+ Will+ rCorr Stlth+}
  4884 | Ossuary  | Gained mutation: Your spells are a little easier to cast,
                  | but a little less powerful. [potion of mutation]
  4884 | Ossuary  | Gained mutation: You possess an exceptional clarity of
                  | mind. [potion of mutation]
  4884 | Ossuary  | Gained mutation: You passively dampen the noise of your
                  | surroundings. [potion of mutation]
  4886 | Ossuary  | HP: 1/67 [chaos spawn[Xom] (3)]
  4887 | Ossuary  | Mangled by a chaos spawn

Illustrated notes

Levels and vault maps discovered:
D:1:      orjb1_clovarrival, layout_loops_cross, nrook_campfire,
          minmay_hexomino_p4
D:2:      layout_loops_ring, basic_altar, kennysheep_cross_bottleneck
D:3:      layout_basic, lemuel_round_altar, mainiacjoe_overflow_24_doors,
          shapermc_ecumenical_altar_rom_forum, serial_shops,
          nicolae_shop_bloodbath_and_beyond, uniq_jessica
D:4:      layout_basic, uniq_duvessa, uniq_edmund
D:5:      layout_loops_cross, chequers_ossuary_entry_cave
Ossuary:  ossuary_minmay_four_chambers

Skill      XL: |  1  2  3  4  5  6  7  8 |
---------------+-------------------------+-----
Invocations    | 1 2 3 |  3.2
Short Blades   | 1 2 |  2.9
Axes           | 1 2 |  2.9
Maces & Flails | 1 2 |  2.9
Polearms       | 1 2 |  2.9
Staves         | 1 2 |  2.9
Ranged Weapons | 1 2 |  2.9
Throwing       | 1 2 |  2.9
Stealth        | 1 2 |  2.9
Shields        | 1 2 |  2.9
Unarmed Combat | 1 2 |  2.9
Spellcasting   | 1 2 |  2.9
Evocations     | 1 2 |  2.9
Shapeshifting  | 1 2 |  2.6
Conjurations   | 1 2 |  2.3
Hexes          | 1 2 |  2.3
Summonings     | 1 2 |  2.3
Necromancy     | 1 2 |  2.3
Translocations | 1 2 |  2.3
Transmutations | 1 2 |  2.3
Fire Magic     | 1 2 |  2.3
Ice Magic      | 1 2 |  2.3
Air Magic      | 1 2 |  2.3
Earth Magic    | 1 2 |  2.3
Poison Magic   | 1 2 |  2.3
Dodging        | 3 4 |  4.0
Armour         | 5 |  5.5
Fighting       | 7 |  7.2
Long Blades    | 7 |  7.2

Action                     |  1- 3 |  4- 6 |  7- 9 || total
---------------------------+-------+-------+-------++-------
  Melee: Falchion          |   103 |   148 |   152 ||   403
         Bite              |     8 |    11 |    29 ||    48
         Punch             |     3 |     1 |     2 ||     6
  Throw: Dart              |       |     4 |       ||     4
         Boomerang         |       |       |     3 ||     3
    Use: Scroll            |       |       |    14 ||    14
         Potion            |       |       |     5 ||     5
   Stab: Sleeping          |     1 |     1 |     2 ||     4
 Armour: Leather armour    |    54 |    81 |    90 ||   225
  Dodge: Dodged            |    34 |    65 |    90 ||   189

Table legend: (Time is in decaauts)
 A = Elapsed time spent in this place.
 B = Non-inter-level travel time spent in this place.
 C = Inter-level travel time spent in this place.
 D = Time resting spent in this place.
 E = Time spent auto-exploring this place.
 F = Levels seen in this place.
 G = Mean time per level.
                   A        B        C        D        E       F      G
               +--------+--------+--------+--------+--------+-----+--------+
         Total |   4885 |   4776 |    109 |    758 |   2829 |   6 |  814.2 |
       Dungeon |   4395 |   4286 |    109 |    449 |   2795 |   5 |  879.0 |
       Ossuary |    489 |    489 |      0 |    309 |     34 |   1 |  489.0 |
               +--------+--------+--------+--------+--------+-----+--------+

Top non-repeatable levels by time:
     D:3: 1465 daAuts
     D:4: 1001 daAuts
     D:2: 880 daAuts
     D:1: 769 daAuts
 Ossuary: 489 daAuts
     D:5: 278 daAuts
